[Event "Kupreichik Memorial Rapid 2019"]
[Site "Minsk"]
[Date "2019.08.15"]
[Round "2.17"]
[White "Zverev, Lev"]
[Black "Veremeichik, Vladimir"]
[Result "1/2-1/2"]
[ECO "B35"]
[WhiteElo "1881"]
[BlackElo "2282"]
[Annotator "NA"]
[PlyCount "108"]
[EventDate "2019.08.15"]
[EventType "swiss"]
[EventCountry "BLR"]
[SourceTitle "playchess.com"]
[Source "ChessBase"]
[SourceQuality "1"]
[TimeControl "900+10"]

1. e4 c5 2. Nf3 Nc6 3. d4 cxd4 4. Nxd4 g6 5. Nc3 Bg7 6. Be3 Nf6 7. Bc4 Qa5 8. O-O d6 9. h3 O-O 10. Bb3 Bd7 11. Re1 Rad8 12. Nf3 Bc8 13. Qe2 Qc7 14. Rad1 b6 15. Nd5 Qb7 16. Ba4 Rfe8 17. c3 Bd7 18. Bc2 b5 19. Nd4 Nxd5 20. exd5 Na5 21. Be4 Rc8 22. Bc1 b4 23. cxb4 Qxb4 24. Nc2 Qc4 25. Qxc4 Nxc4 26. Nd4 Nb6 27. Nc6 Bxc6 28. dxc6 Bf8 29. Bf4 d5 30. Bd3 Nc4 31. Bxc4 dxc4 32. c7 f6 33. Rd7 e5 34. Be3 Re7 35. Rd8 Rcxc7 36. Bh6 Rg7 37. Bxg7 Kxg7 38. Red1 Bc5 39. R8d7+ Rxd7 40. Rxd7+ Kh6 41. Rc7 Bd4 42. Rxc4 Bxb2 43. Kh2 Kg5 44. Kg3 Kf5 45. Kf3 h5 46. Rc6 Bd4 47. Ke2 h4 48. Rd6 Bc5 49. Ra6 Bb6 50. f3 g5 51. Ra4 Bd4 52. Ra6 Bb6 53. Ra4 Bd4 54. Ra6 Bb6 1/2-1/2

[Event "Kupreichik Memorial Rapid 2019"]
[Site "Minsk"]
[Date "2019.08.15"]
[Round "2.19"]
[White "Melekhov, Artyom"]
[Black "Mochalov, Evgeny V"]
[Result "0-1"]
[ECO "B38"]
[WhiteElo "1471"]
[BlackElo "2374"]
[Annotator "NA"]
[PlyCount "110"]
[EventDate "2019.08.15"]
[EventType "swiss"]
[EventCountry "BLR"]
[SourceTitle "playchess.com"]
[Source "ChessBase"]
[SourceQuality "1"]
[TimeControl "900+10"]

1. e4 c5 2. Nf3 g6 3. d4 cxd4 4. Nxd4 Bg7 5. c4 Nc6 6. Be3 Nf6 7. Nc3 O-O 8. Be2 d6 9. O-O Bd7 10. Rc1 Nxd4 11. Bxd4 Bc6 12. e5 dxe5 13. Bxe5 Qa5 14. Bg3 Ne4 15. Nxe4 Bxe4 16. Qb3 Qb6 17. Rcd1 Bxb2 18. Qxb6 axb6 19. Bd3 Bc6 20. Bc7 Ra6 21. Rd2 Bc3 22. Rc2 Bd4 23. Rb1 Rc8 24. c5 Ra3 25. cxb6 Rxd3 26. Rxc6 Bxb6 27. Rcxb6 Rxc7 28. g3 Rdd7 29. R1b2 f6 30. Kg2 Kf7 31. a4 h5 32. a5 Rc5 33. a6 bxa6 34. Rxa6 h4 35. Ra4 hxg3 36. hxg3 g5 37. Rab4 f5 38. Rb5 Rdd5 39. Rxc5 Rxc5 40. Rb7 Kf6 41. Rb6+ e6 42. Rb8 Rc2 43. Rb6 g4 44. Ra6 Rd2 45. Kf1 Ke5 46. Ra5+ Ke4 47. Ke1 Rb2 48. Ra4+ Kf3 49. Ra3+ Kg2 50. Re3 Rxf2 51. Rxe6 Kxg3 52. Re5 f4 53. Re4 Ra2 54. Rb4 f3 55. Rb3 Kg2 0-1

[Event "Kupreichik Memorial Rapid 2019"]
[Site "Minsk"]
[Date "2019.08.15"]
[Round "2.24"]
[White "Kuleshov, Konstantin"]
[Black "Kochetkov, Vitali"]
[Result "1-0"]
[ECO "D10"]
[WhiteElo "2076"]
[BlackElo "2266"]
[Annotator "NA"]
[PlyCount "87"]
[EventDate "2019.08.15"]
[EventType "swiss"]
[EventCountry "BLR"]
[SourceTitle "playchess.com"]
[Source "ChessBase"]
[SourceQuality "1"]
[TimeControl "900+10"]

1. d4 d5 2. c4 c6 3. e3 e6 4. Nc3 f5 5. Bd3 Nf6 6. Nge2 Bd6 7. f3 O-O 8. O-O Qc7 9. h3 dxc4 10. Bxc4 b5 11. Bb3 Kh8 12. a3 e5 13. d5 a6 14. e4 c5 15. Be3 f4 16. Bf2 Nbd7 17. Rc1 Qd8 18. Ba2 Qe8 19. a4 b4 20. Nb1 a5 21. Nd2 Nb6 22. Nc4 Nxc4 23. Bxc4 Ba6 24. Bxa6 Rxa6 25. Bxc5 Bxc5+ 26. Rxc5 Qd7 27. Qc2 Ne8 28. Rc6 Qa7+ 29. Kh2 Nd6 30. Qc5 Qxc5 31. Rxc5 Ra7 32. Rfc1 Kg8 33. Rc6 Rd8 34. R1c5 Kf8 35. Nc1 Nf7 36. Nb3 Rda8 37. Kg1 Ke7 38. Re6+ Kf8 39. Kf2 Ra6 40. Rxa6 Rxa6 41. Rxa5 Rb6 42. Ra7 Rb8 43. Rc7 Nd6 44. Nc5 1-0

[Event "Kupreichik Memorial Rapid 2019"]
[Site "Minsk"]
[Date "2019.08.15"]
[Round "2.25"]
[White "Arlou, Valery"]
[Black "Naumovich, Yaroslav"]
[Result "0-1"]
[ECO "D03"]
[WhiteElo "1759"]
[BlackElo "1868"]
[Annotator "NA"]
[PlyCount "90"]
[EventDate "2019.08.15"]
[EventType "swiss"]
[EventCountry "BLR"]
[SourceTitle "playchess.com"]
[Source "ChessBase"]
[SourceQuality "1"]
[TimeControl "900+10"]

1. d4 Nf6 2. Nf3 d5 3. Bg5 c5 4. e3 Nc6 5. c3 Bg4 6. h3 Bh5 7. Be2 e6 8. Ne5 Bxe2 9. Qxe2 Qb6 10. O-O Ne4 11. Bf4 Be7 12. f3 Nd6 13. dxc5 Qxc5 14. Nd2 Nxe5 15. Bxe5 O-O 16. Kh2 f6 17. Bd4 Qc7 18. e4 Nxe4+ 19. Kg1 Nxd2 20. Qxd2 e5 21. Bf2 Rad8 22. Qe2 Rfe8 23. Rad1 a6 24. Qc2 Qc4 25. b3 Qc6 26. Qb2 Rc8 27. Rc1 Red8 28. Rfd1 f5 29. Qb1 g6 30. h4 Ba3 31. Rc2 Bc5 32. Bxc5 Qxc5+ 33. Kh2 d4 34. c4 d3 35. Rcd2 e4 36. fxe4 fxe4 37. Qb2 Rf8 38. Qc3 Rf4 39. g3 Rf2+ 40. Rxf2 Qxf2+ 41. Kh3 Rd8 42. Rd2 Qf5+ 43. Kh2 e3 44. Rd1 e2 45. Qe1 exd1=Q 0-1

[Event "Kupreichik Memorial Rapid 2019"]
[Site "Minsk"]
[Date "2019.08.15"]
[Round "2.26"]
[White "Oblamski, Vladimir"]
[Black "Lashkevich, Andrei"]
[Result "1-0"]
[ECO "B15"]
[WhiteElo "2088"]
[BlackElo "1447"]
[Annotator "NA"]
[PlyCount "119"]
[EventDate "2019.08.15"]
[EventType "swiss"]
[EventCountry "BLR"]
[SourceTitle "playchess.com"]
[Source "ChessBase"]
[SourceQuality "1"]
[TimeControl "900+10"]

1. e4 c6 2. d4 d5 3. Nc3 h6 4. Nf3 Nf6 5. Bd3 dxe4 6. Nxe4 Nbd7 7. Nc3 Qc7 8. O-O e6 9. Qe2 Be7 10. Re1 O-O 11. Bd2 Re8 12. Rad1 b5 13. Ne5 Nb6 14. Ne4 Nbd5 15. c3 Bb7 16. Nc5 Rad8 17. Nxf7 Kxf7 18. Nxe6 Qd6 19. Nxd8+ Bxd8 20. Qf3 Bc7 21. g3 Bc8 22. Bf5 Bxf5 23. Qxf5 Rxe1+ 24. Rxe1 Qd7 25. Qxd7+ Nxd7 26. b3 Bd6 27. c4 bxc4 28. bxc4 N5f6 29. f3 Bc7 30. Rb1 Nb6 31. c5 Nbd5 32. Rb7 a6 33. Ra7 Ke6 34. Rxa6 Kd7 35. Ra8 Bd8 36. Ra7+ Nc7 37. Bf4 Nfd5 38. Be5 g6 39. Kf2 Nc3 40. Bxc7 Bxc7 41. Ra3 Nd5 42. Rb3 Kc8 43. a3 Ba5 44. Ke2 h5 45. Kd3 Nf6 46. h3 Be1 47. g4 hxg4 48. hxg4 Ba5 49. Rb1 Bc7 50. Rh1 Nd5 51. Rh7 g5 52. a4 Nb4+ 53. Ke4 Bf4 54. Rg7 Nc2 55. d5 cxd5+ 56. Kxd5 Ne1 57. Kc6 Kd8 58. Kb7 Nxf3 59. c6 Nh2 60. Rxg5 1-0

[Event "Kupreichik Memorial Rapid 2019"]
[Site "Minsk"]
[Date "2019.08.15"]
[Round "2.27"]
[White "Karlov, Egor"]
[Black "Uzlavataya, Anhelina"]
[Result "1-0"]
[ECO "A84"]
[WhiteElo "1728"]
[BlackElo "2051"]
[Annotator "NA"]
[PlyCount "101"]
[EventDate "2019.08.15"]
[EventType "swiss"]
[EventCountry "BLR"]
[SourceTitle "playchess.com"]
[Source "ChessBase"]
[SourceQuality "1"]
[TimeControl "900+10"]

1. d4 f5 2. c4 g6 3. Nc3 Nf6 4. Nf3 Bg7 5. e3 O-O 6. Bd3 d6 7. O-O Nc6 8. a3 e5 9. dxe5 dxe5 10. Be2 Qe7 11. Qc2 h6 12. b4 Bd7 13. Bb2 e4 14. Nd2 Be6 15. Nb3 Ne5 16. Nb5 Bf7 17. Rfd1 a6 18. N5d4 Rad8 19. Nc5 c6 20. Ndb3 Nh7 21. Na5 b6 22. Bxe5 Rxd1+ 23. Rxd1 Qxe5 24. Nd7 Qc7 25. Nxf8 Nxf8 26. Nb3 Nd7 27. c5 b5 28. Na5 Be5 29. h3 Nf6 30. Nb3 Nd5 31. Nd4 Kg7 32. Qd2 Qc8 33. f4 Bf6 34. g4 fxg4 35. Bxg4 Qe8 36. Qf2 h5 37. Be2 Qc8 38. f5 Bxd4 39. Rxd4 Qxf5 40. Qxf5 gxf5 41. Kf2 Kf6 42. Rd2 Ke5 43. h4 Nxe3 44. Rd7 Be6 45. Rd6 Nc4 46. Rxc6 e3+ 47. Kf1 Nxa3 48. Rxa6 Nc2 49. c6 Nxb4 50. Rb6 Kd6 51. c7+ 1-0

[Event "Kupreichik Memorial Rapid 2019"]
[Site "Minsk"]
[Date "2019.08.15"]
[Round "2.28"]
[White "Shaban, Alena"]
[Black "Kozlov, Valentin"]
[Result "1-0"]
[ECO "A05"]
[WhiteElo "2030"]
[BlackElo "1871"]
[Annotator "NA"]
[PlyCount "83"]
[EventDate "2019.08.15"]
[EventType "swiss"]
[EventCountry "BLR"]
[SourceTitle "playchess.com"]
[Source "ChessBase"]
[SourceQuality "1"]
[TimeControl "900+10"]

1. Nf3 Nf6 2. g3 g6 3. Bg2 Bg7 4. O-O O-O 5. d3 c5 6. e4 d6 7. c3 Nc6 8. Be3 Bd7 9. Nbd2 Qc8 10. d4 cxd4 11. cxd4 Bh3 12. Rc1 Bxg2 13. Kxg2 Qe8 14. Qb3 Na5 15. Qb4 b6 16. Rc7 Ng4 17. Rfc1 Nxe3+ 18. fxe3 Bh6 19. Qc3 Qa4 20. b4 Qxa2 21. bxa5 Qxa5 22. Qxa5 bxa5 23. Rxe7 Bxe3 24. Rc3 Bh6 25. Rcc7 Rab8 26. Nc4 g5 27. g4 a4 28. Rxa7 Rb4 29. Nxd6 Bg7 30. Nxf7 a3 31. N7xg5 Bf6 32. Rxh7 a2 33. Rxa2 Bxg5 34. Nxg5 Rxd4 35. Raa7 Re8 36. Rhe7 Rd2+ 37. Kg3 Rb8 38. h3 Rd3+ 39. Kh4 Rc3 40. Ne6 Rf3 41. Rg7+ Kh8 42. Rh7+ 1-0

[Event "Kupreichik Memorial Rapid 2019"]
[Site "Minsk"]
[Date "2019.08.15"]
[Round "2.29"]
[White "Drobyshevsky, Vasily"]
[Black "Tyurin, Artem"]
[Result "0-1"]
[ECO "E22"]
[WhiteElo "1441"]
[BlackElo "2057"]
[Annotator "NA"]
[PlyCount "61"]
[EventDate "2019.08.15"]
[EventType "swiss"]
[EventCountry "BLR"]
[SourceTitle "playchess.com"]
[Source "ChessBase"]
[SourceQuality "1"]
[TimeControl "900+10"]

1. c4 e6 2. d4 Nf6 3. Nc3 Bb4 4. Qb3 Nc6 5. a3 Nxd4 6. Qd1 Bxc3+ 7. bxc3 Nc6 8. Nf3 O-O 9. Bg5 h6 10. Bh4 d6 11. e3 e5 12. Be2 Be6 13. Qc2 Qe7 14. O-O g5 15. Bg3 Nd7 16. e4 Nc5 17. Nd2 Qf6 18. Nb3 Nxb3 19. Qxb3 Na5 20. Qb4 b6 21. f3 c5 22. Qb5 Rab8 23. Rfd1 a6 24. Qxa6 Bd7 25. Rab1 Bc6 26. Qa7 Rb7 27. Qa6 Rfb8 28. Rb2 Qe7 29. Rxb6 Rxb6 30. Qxa5 Qc7 31. Ra1 0-1

[Event "Kupreichik Memorial Rapid 2019"]
[Site "Minsk"]
[Date "2019.08.15"]
[Round "2.30"]
[White "Khrapko, Marharyta"]
[Black "Pogorelov, Aleksey"]
[Result "1-0"]
[ECO "B75"]
[WhiteElo "2073"]
[BlackElo "1548"]
[Annotator "NA"]
[PlyCount "41"]
[EventDate "2019.08.15"]
[EventType "swiss"]
[EventCountry "BLR"]
[SourceTitle "playchess.com"]
[Source "ChessBase"]
[SourceQuality "1"]
[TimeControl "900+10"]

1. e4 c5 2. Nf3 d6 3. d4 cxd4 4. Nxd4 Nf6 5. Nc3 g6 6. Be3 Bg7 7. f3 Nc6 8. Bc4 Bd7 9. Bb3 a6 10. Qd2 Rc8 11. O-O-O b5 12. Bh6 O-O 13. Nxc6 Bxc6 14. h4 a5 15. h5 Bxh6 16. Qxh6 a4 17. e5 Nxh5 18. Rxh5 gxh5 19. Rh1 Qb6 20. Rxh5 Qg1+ 21. Nd1 1-0

[Event "Kupreichik Memorial Rapid 2019"]
[Site "Minsk"]
[Date "2019.08.15"]
[Round "2.31"]
[White "Strizhnev, Ivan"]
[Black "Spizharny, Mikhail"]
[Result "0-1"]
[ECO "B41"]
[WhiteElo "1394"]
[BlackElo "2079"]
[Annotator "NA"]
[PlyCount "40"]
[EventDate "2019.08.15"]
[EventType "swiss"]
[EventCountry "BLR"]
[SourceTitle "playchess.com"]
[Source "ChessBase"]
[SourceQuality "1"]
[TimeControl "900+10"]

1. e4 c5 2. Nf3 e6 3. d4 cxd4 4. Nxd4 a6 5. c4 Nf6 6. Nc3 Bb4 7. Bd3 Nc6 8. Nxc6 dxc6 9. O-O e5 10. Ne2 a5 11. Bg5 h6 12. Bh4 g5 13. Bg3 Qe7 14. Rc1 Nh5 15. Bb1 Nf4 16. f3 Be6 17. Bf2 Rd8 18. Nxf4 Rxd1 19. Rfxd1 gxf4 20. c5 a4 0-1

[Event "Kupreichik Memorial Rapid 2019"]
[Site "Minsk"]
[Date "2019.08.15"]
[Round "2.32"]
[White "Rataika, Mikalai"]
[Black "Makarau, Yauheni"]
[Result "1-0"]
[ECO "D00"]
[WhiteElo "1920"]
[BlackElo "1459"]
[Annotator "NA"]
[PlyCount "45"]
[EventDate "2019.08.15"]
[EventType "swiss"]
[EventCountry "BLR"]
[SourceTitle "playchess.com"]
[Source "ChessBase"]
[SourceQuality "1"]
[TimeControl "900+10"]

1. d4 d5 2. b3 e6 3. Bb2 Nf6 4. e3 Be7 5. Bd3 O-O 6. Nf3 b6 7. O-O Bb7 8. Nbd2 c5 9. Ne5 Nbd7 10. f4 Rc8 11. g4 Ne4 12. Rf3 Nxd2 13. Qxd2 c4 14. Bxh7+ Kxh7 15. Nxd7 Qxd7 16. Rh3+ Kg8 17. g5 e5 18. Qg2 exf4 19. exf4 cxb3 20. Qg3 Rxc2 21. Qh4 f6 22. g6 Qxh3 23. Qxh3 1-0

[Event "Kupreichik Memorial Rapid 2019"]
[Site "Minsk"]
[Date "2019.08.15"]
[Round "2.33"]
[White "Yasiukovich, Sergei"]
[Black "Talma, Sergei"]
[Result "1-0"]
[ECO "B20"]
[WhiteElo "1529"]
[BlackElo "1882"]
[Annotator "NA"]
[PlyCount "44"]
[EventDate "2019.08.15"]
[EventType "swiss"]
[EventCountry "BLR"]
[SourceTitle "playchess.com"]
[Source "ChessBase"]
[SourceQuality "1"]
[TimeControl "900+10"]

1. e4 c5 2. Be2 Nc6 3. f4 e5 4. d3 d6 5. Nf3 Bg4 6. O-O Nf6 7. c3 Be7 8. Na3 O-O 9. Qe1 exf4 10. Bxf4 b5 11. Qg3 Be6 12. Ng5 b4 13. Nxe6 fxe6 14. Nc4 e5 15. Bh6 Ne8 16. Ne3 Kh8 17. Rxf8+ Bxf8 18. Rf1 Nf6 19. Bg5 Be7 20. Nf5 Qf8 21. Nxe7 Nxe7 22. Qf3 bxc3 1-0

[Event "Kupreichik Memorial Rapid 2019"]
[Site "Minsk"]
[Date "2019.08.15"]
[Round "2.34"]
[White "Masjuk, Vladimir"]
[Black "Novik, Nikita"]
[Result "1-0"]
[ECO "C03"]
[WhiteElo "1900"]
[BlackElo "1355"]
[Annotator "NA"]
[PlyCount "69"]
[EventDate "2019.08.15"]
[EventType "swiss"]
[EventCountry "BLR"]
[SourceTitle "playchess.com"]
[Source "ChessBase"]
[SourceQuality "1"]
[TimeControl "900+10"]

1. e4 e6 2. d4 d5 3. Nd2 dxe4 4. Nxe4 Nc6 5. c3 Be7 6. Nf3 Nf6 7. Bd3 b6 8. O-O Bb7 9. Nxf6+ Bxf6 10. Qc2 h6 11. Bf4 Qd7 12. Rfe1 O-O-O 13. b4 g5 14. Bg3 h5 15. Bb5 Qd5 16. Bf1 Be7 17. h4 gxh4 18. Bxh4 Bxh4 19. Nxh4 Rdg8 20. Re3 Rg4 21. Rh3 Rhg8 22. f3 Nxd4 23. cxd4 Qxd4+ 24. Qf2 Qxa1 25. fxg4 Rxg4 26. a3 Qg7 27. Be2 Rg5 28. Nf3 Rd5 29. Rg3 Qa1+ 30. Kh2 Qh8 31. Nh4 Re5 32. Bf3 Bxf3 33. Qxf3 Kb8 34. Qxf7 Re4 35. Rg8+ 1-0

[Event "Kupreichik Memorial Rapid 2019"]
[Site "Minsk"]
[Date "2019.08.15"]
[Round "2.35"]
[White "Patokova, Viktoriya"]
[Black "Dvurechensky, Viacheslav"]
[Result "0-1"]
[ECO "C41"]
[WhiteElo "1503"]
[BlackElo "1840"]
[Annotator "NA"]
[PlyCount "58"]
[EventDate "2019.08.15"]
[EventType "swiss"]
[EventCountry "BLR"]
[SourceTitle "playchess.com"]
[Source "ChessBase"]
[SourceQuality "1"]
[TimeControl "900+10"]

1. e4 d6 2. d4 Nf6 3. Nc3 e5 4. Nf3 Nbd7 5. Bc4 Be7 6. O-O O-O 7. h3 c6 8. dxe5 Nxe5 9. Nxe5 dxe5 10. Qe2 b5 11. Bb3 a5 12. a4 b4 13. Nb1 Qd4 14. Nd2 Ba6 15. Bc4 Bxc4 16. Qxc4 Bc5 17. c3 bxc3 18. bxc3 Qxc4 19. Nxc4 Nxe4 20. Nxe5 Rfe8 21. Nd3 Ba7 22. Bb2 Rad8 23. Rad1 f5 24. c4 Rd7 25. c5 Red8 26. f3 Nxc5 27. Nxc5 Bxc5+ 28. Kh2 Rxd1 29. Rxd1 Rxd1 0-1

[Event "Kupreichik Memorial Rapid 2019"]
[Site "Minsk"]
[Date "2019.08.15"]
[Round "2.36"]
[White "Sadovnikov, Konstantin"]
[Black "Kasperovich, Mikhail"]
[Result "1-0"]
[ECO "C02"]
[WhiteElo "1798"]
[BlackElo "1324"]
[Annotator "NA"]
[PlyCount "49"]
[EventDate "2019.08.15"]
[EventType "swiss"]
[EventCountry "BLR"]
[SourceTitle "playchess.com"]
[Source "ChessBase"]
[SourceQuality "1"]
[TimeControl "900+10"]

1. e4 e6 2. d4 d5 3. e5 c5 4. c3 Nc6 5. Nf3 Qb6 6. Be2 Nge7 7. Na3 Nf5 8. Nc2 Be7 9. O-O Bd7 10. a3 a5 11. Rb1 cxd4 12. cxd4 Rc8 13. g4 Nh4 14. Nxh4 Bxh4 15. Be3 Be7 16. f4 Qb3 17. Qd3 Qc4 18. Rfc1 Na7 19. Qxc4 dxc4 20. d5 Bc5 21. Bxc4 b5 22. dxe6 fxe6 23. Bf1 Rf8 24. Nd4 Bc6 25. Rxc5 1-0

[Event "Kupreichik Memorial Rapid 2019"]
[Site "Minsk"]
[Date "2019.08.15"]
[Round "2.37"]
[White "Ustiugov, Boris"]
[Black "Shakhadanau, Henadzi"]
[Result "0-1"]
[ECO "E30"]
[WhiteElo "1567"]
[BlackElo "1868"]
[Annotator "NA"]
[PlyCount "88"]
[EventDate "2019.08.15"]
[EventType "swiss"]
[EventCountry "BLR"]
[SourceTitle "playchess.com"]
[Source "ChessBase"]
[SourceQuality "1"]
[TimeControl "900+10"]

1. d4 Nf6 2. c4 e6 3. Nc3 Bb4 4. Bg5 c5 5. dxc5 Qa5 6. Bxf6 gxf6 7. Qc1 Bxc3+ 8. bxc3 Na6 9. e4 Nxc5 10. Qc2 Nxe4 11. Rc1 f5 12. Bd3 Nc5 13. Be2 d6 14. Nf3 Bd7 15. Nd4 Ke7 16. O-O Ba4 17. Qb2 a6 18. Qb4 Qc7 19. Nb3 Bd7 20. Nd4 Rab8 21. Qb2 e5 22. Nf3 Rhg8 23. Rfe1 Be6 24. Rcd1 Ne4 25. Nd2 Nc5 26. Nb3 Qc6 27. f3 Rg6 28. Nxc5 Qxc5+ 29. Kh1 Qf2 30. Rg1 Bxc4 31. Rd2 Bxe2 32. Rxe2 Qc5 33. Qc2 f4 34. Qf5 b5 35. Qxf4 Kf8 36. Qh4 Kg7 37. f4 Qc4 38. Rf2 Re8 39. Rgf1 Qe4 40. Qh3 exf4 41. Rf3 Qc4 42. Qh4 Re4 43. Rxf4 Qxf1+ 44. Rxf1 Rxh4 0-1

[Event "Kupreichik Memorial Rapid 2019"]
[Site "Minsk"]
[Date "2019.08.15"]
[Round "2.38"]
[White "Tkachou, Viktar"]
[Black "Lavrishchev, Matvei"]
[Result "1-0"]
[ECO "A13"]
[WhiteElo "1791"]
[BlackElo "1175"]
[Annotator "NA"]
[PlyCount "143"]
[EventDate "2019.08.15"]
[EventType "swiss"]
[EventCountry "BLR"]
[SourceTitle "playchess.com"]
[Source "ChessBase"]
[SourceQuality "1"]
[TimeControl "900+10"]

1. Nf3 e6 2. c4 d5 3. cxd5 exd5 4. e3 c6 5. Be2 Nf6 6. b3 Bd6 7. Bb2 Nbd7 8. O-O O-O 9. d3 b6 10. Nbd2 Bb7 11. a3 Rc8 12. Rc1 Qe7 13. Nd4 Be5 14. N2f3 c5 15. Nf5 Qe6 16. Nxe5 Nxe5 17. Ng3 Ned7 18. Bf3 Ne5 19. Bxe5 Qxe5 20. Ne2 Ba8 21. d4 cxd4 22. Qxd4 Qxd4 23. Nxd4 Ne4 24. Nf5 Rxc1 25. Rxc1 Nd2 26. b4 Nxf3+ 27. gxf3 Rb8 28. Rc7 a5 29. Nd6 f6 30. Kf1 axb4 31. axb4 Rd8 32. Rc8 Rxc8 33. Nxc8 b5 34. Na7 Bb7 35. Ke1 Ba6 36. Kd2 Kf7 37. Nc6 Ke6 38. Nd4+ Ke5 39. Kd3 g5 40. Nb3 f5 41. Nc5 Bc8 42. Nb3 f4 43. Nd4 fxe3 44. fxe3 Bd7 45. Ne2 Bf5+ 46. Kd2 h6 47. Ng3 g4 48. f4+ Ke6 49. Kc3 Kd6 50. Nxf5+ Ke6 51. Nxh6 Kf6 52. Nxg4+ Kf5 53. Kd4 Kxg4 54. Kxd5 Kf5 55. h4 Kg4 56. Ke6 Kxh4 57. f5 Kg4 58. f6 Kf3 59. f7 Kxe3 60. f8=Q Kd4 61. Qc5+ Kd3 62. Qxb5+ Kd4 63. Qc5+ Kd3 64. Ke5 Kd2 65. Qc4 Ke3 66. Qd4+ Kf3 67. Qe4+ Kg3 68. Qf4+ Kh3 69. Qg5 Kh2 70. Kf4 Kh1 71. Kf3 Kh2 72. Qg2# 1-0

[Event "Kupreichik Memorial Rapid 2019"]
[Site "Minsk"]
[Date "2019.08.15"]
[Round "2.39"]
[White "Laptev, Viktor"]
[Black "Zvereva, Margarita"]
[Result "0-1"]
[ECO "B90"]
[WhiteElo "1424"]
[BlackElo "1678"]
[Annotator "NA"]
[PlyCount "44"]
[EventDate "2019.08.15"]
[EventType "swiss"]
[EventCountry "BLR"]
[SourceTitle "playchess.com"]
[Source "ChessBase"]
[SourceQuality "1"]
[TimeControl "900+10"]

1. e4 c5 2. Nf3 d6 3. d4 cxd4 4. Nxd4 Nf6 5. Nc3 a6 6. f3 e5 7. Nb3 Be6 8. Be3 Be7 9. Qd2 Nbd7 10. O-O-O O-O 11. g4 b5 12. g5 Nh5 13. Ne2 Nb6 14. Ng3 Nf4 15. h4 Nc4 16. Bxc4 bxc4 17. Na5 Rc8 18. Qc3 Ng2 19. Nb7 Qc7 20. Nxd6 Bxd6 21. Bf2 Rb8 22. Nf5 Bb4 0-1

[Event "Kupreichik Memorial Rapid 2019"]
[Site "Minsk"]
[Date "2019.08.15"]
[Round "3.5"]
[White "Pakhomov, Alexey"]
[Black "Sychev, Klementy"]
[Result "1/2-1/2"]
[ECO "D91"]
[WhiteElo "2315"]
[BlackElo "2579"]
[Annotator "ChessBase"]
[PlyCount "146"]
[EventDate "2019.08.15"]
[EventType "swiss"]
[EventCountry "BLR"]
[SourceTitle "playchess.com"]
[Source "ChessBase"]
[SourceQuality "1"]
[TimeControl "900+10"]

1. d4 Nf6 2. c4 g6 3. Nc3 d5 4. Nf3 Bg7 5. Bg5 Ne4 6. cxd5 Nxg5 7. Nxg5 e6 8. Qd2 exd5 9. Qe3+ Kf8 10. Qf4 Bf6 11. h4 h6 12. Nf3 Kg7 13. e3 c6 14. Bd3 Be6 15. g4 Nd7 16. Qg3 Qb8 17. Qg2 c5 18. g5 hxg5 19. hxg5 Be7 20. O-O-O Qc7 21. Kb1 c4 22. Bc2 b5 23. Ne2 Bd6 24. Rh6 b4 25. Nh4 Rag8 26. f4 Rxh6 27. gxh6+ Kh8 28. Rg1 Qd8 29. Nf3 Qf6 30. Ng3 b3 31. axb3 cxb3 32. Bd3 Qd8 33. Ne2 Nf6 34. Ng5 Qe8 35. Nc3 Bb4 36. Nxe6 Qxe6 37. Qg5 Bxc3 38. bxc3 Qc6 39. Rc1 Kh7 40. f5 Qa4 41. fxg6+ Rxg6 42. Bxg6+ fxg6 43. Qg2 Ne4 44. Qb2 Qc4 45. Qa3 Qc7 46. Ka1 Nd2 47. Qb4 a5 48. Qc5 Qd7 49. Kb2 a4 50. Rg1 Nc4+ 51. Ka1 a3 52. e4 a2 53. Qb4 b2+ 54. Kxa2 Qa7+ 55. Kb3 Nd2+ 56. Kxb2 Nc4+ 57. Kb3 Nd2+ 58. Kc2 Nxe4 59. Rb1 Qa2+ 60. Qb2 Qc4 61. Qb7+ Kxh6 62. Rh1+ Kg5 63. Qe7+ Kf5 64. Qf7+ Nf6 65. Qe7 Qa2+ 66. Kd3 Qc4+ 67. Kc2 Qa2+ 68. Kd3 Qa6+ 69. Kc2 Qa2+ 70. Kd3 Qc4+ 71. Kc2 Qa2+ 72. Kd3 Qc4+ 73. Kc2 Qa2+ 1/2-1/2

[Event "Kupreichik Memorial Rapid 2019"]
[Site "Minsk"]
[Date "2019.08.15"]
[Round "3.12"]
[White "Veremeichik, Vladimir"]
[Black "Kuleshov, Konstantin"]
[Result "0-1"]
[ECO "D84"]
[WhiteElo "2282"]
[BlackElo "2076"]
[Annotator "NA"]
[PlyCount "70"]
[EventDate "2019.08.15"]
[EventType "swiss"]
[EventCountry "BLR"]
[SourceTitle "playchess.com"]
[Source "ChessBase"]
[SourceQuality "1"]
[TimeControl "900+10"]

1. d4 Nf6 2. c4 g6 3. Nc3 d5 4. Bf4 Bg7 5. e3 O-O 6. cxd5 Nxd5 7. Nxd5 Qxd5 8. Bxc7 Nc6 9. Ne2 e5 10. dxe5 Qb5 11. f4 Qxb2 12. Rb1 Qxa2 13. Nc3 Qe6 14. Nd5 f6 15. Bc4 Kh8 16. Nb6 Qf5 17. Nxa8 fxe5 18. O-O Qe4 19. Qd3 Bf5 20. Qxe4 Bxe4 21. Rxb7 Rxa8 22. fxe5 Bxe5 23. Bxe5+ Nxe5 24. Re7 Nxc4 25. Rxe4 Nd2 26. Ra4 Nxf1 27. Kxf1 a5 28. Ke2 Kg7 29. Kd3 Kf6 30. Kc4 Ke5 31. Kb5 Rb8+ 32. Kc6 Rb2 33. Rh4 h5 34. g3 Rb4 35. Rh3 Rg4 0-1

[Event "Kupreichik Memorial Rapid 2019"]
[Site "Minsk"]
[Date "2019.08.15"]
[Round "3.13"]
[White "Kameko, Aleksandr"]
[Black "Zverev, Lev"]
[Result "1-0"]
[ECO "C77"]
[WhiteElo "2045"]
[BlackElo "1881"]
[Annotator "NA"]
[PlyCount "85"]
[EventDate "2019.08.15"]
[EventType "swiss"]
[EventCountry "BLR"]
[SourceTitle "playchess.com"]
[Source "ChessBase"]
[SourceQuality "1"]
[TimeControl "900+10"]

1. e4 e5 2. Nf3 Nc6 3. Bb5 a6 4. Ba4 Nf6 5. d3 b5 6. Bb3 Be7 7. O-O O-O 8. h3 d6 9. c3 Na5 10. Bc2 c5 11. Re1 h6 12. Nbd2 Nc6 13. Nf1 Be6 14. Ng3 Qc7 15. Qe2 Rfe8 16. Bb3 Rad8 17. Bxe6 fxe6 18. Nh2 d5 19. Ng4 Nh7 20. Nh5 Bg5 21. Bxg5 Nxg5 22. h4 Nh7 23. Ne3 Qf7 24. exd5 exd5 25. Qg4 Rf8 26. Nf5 Kh8 27. Re2 Rg8 28. Rae1 g6 29. Nxh6 Qf8 30. Nxg8 gxh5 31. Qxh5 Qxg8 32. Re3 Qe6 33. f4 d4 34. cxd4 cxd4 35. Re4 Qxa2 36. fxe5 Qe6 37. Rf1 Rg8 38. Rf6 Qc8 39. Rf7 Rg7 40. e6 Qe8 41. Rg4 Rxf7 42. exf7 Qf8 43. Rg8+ 1-0

[Event "Kupreichik Memorial Rapid 2019"]
[Site "Minsk"]
[Date "2019.08.15"]
[Round "3.17"]
[White "Masjuk, Vladimir"]
[Black "Mikhailovsky, Vladimir"]
[Result "0-1"]
[ECO "B01"]
[WhiteElo "1900"]
[BlackElo "2209"]
[Annotator "NA"]
[PlyCount "65"]
[EventDate "2019.08.15"]
[EventType "swiss"]
[EventCountry "BLR"]
[SourceTitle "playchess.com"]
[Source "ChessBase"]
[SourceQuality "1"]
[TimeControl "900+10"]

1. e4 d5 2. exd5 Qxd5 3. Nc3 Qa5 4. d4 Nf6 5. Nf3 Ne4 6. Bd3 Nxc3 7. bxc3 Bg4 8. Bd2 Nd7 9. O-O e6 10. Be4 c6 11. Rb1 Qc7 12. h3 Bh5 13. Re1 Bd6 14. c4 Nf6 15. Bd3 c5 16. d5 e5 17. Bc3 Nd7 18. Bf5 O-O 19. Bxd7 Qxd7 20. Bxe5 b6 21. Qd3 Rfe8 22. Bb2 Bg6 23. Qc3 f6 24. Qb3 Qf5 25. Rbc1 Rxe1+ 26. Nxe1 Re8 27. Nf3 Re2 28. Re1 Rxc2 29. Qb5 h6 30. a4 Qf4 31. Re3 Qxc4 32. Qd7 Bf4 33. Bxf6 0-1